 Dungeon Crawl Stone Soup version 0.25-a0-578-gc91f01c39c (webtiles) character file.

Game seed: 13219044558964263284, levelgen mode: deterministic

1266 MisterFreud the Nimble (level 8, -1/57 HPs)
             Began as an Octopode Fighter on Mar 4, 2020.
             Was a Believer of Cheibriados.
             Slain by Grinder (5 damage)
             ... while paralysed by Grinder
             ... on level 6 of the Dungeon.
             The game lasted 00:10:07 (5889 turns).

MisterFreud the Nimble (Octopode Fighter)           Turns: 5889, Time: 00:10:08

Health: -1/57      AC:  1    Str: 23    XL:     8   Next: 52%
Magic:  8/8        EV:  2    Int: 24    God:    Cheibriados [**....]
Gold:   301        SH:  0    Dex: 18    Spells: 7/7 levels left

rFire    . . .     SeeInvis .     - Unarmed
rCold    + + .     Gourm    .   a - +0 kite shield
rNeg     . . .     Faith    .   (helmet restricted)
rPois    .         Spirit   .   G - +2 amulet of reflection
rElec    +         Reflect  +   k - ring of protection from cold
rCorr    .         Harm     .   p - +2 ring of evasion
MR       .....                  r - ring "Duit" {*Drain rElec rC+ Int+7 Dex+2}
Stlth    +++.......             H - +2 ring of strength
HPRegen  0.19/turn              w - ring of wizardry
MPRegen  0.11/turn              (no ring)
                                (no ring)
                                (no ring)

@: paralysed, very slow
A: almost no armour, stealthy swim, amphibious, 8 rings, constrict 8, camouflage
1, gelatinous body 1
a: Bend Time, Renounce Religion


You were on level 6 of the Dungeon.
You worshipped Cheibriados.
Cheibriados was pleased with you.
You were not hungry.

You visited 2 branches of the dungeon, and saw 7 of its levels.
You also visited: Sewer.

You collected 301 gold pieces.

Inventory:

Missiles
 d - 12 boomerangs
 e - 395 stones (quivered)
 h - 13 poisoned darts
 i - 39 sling bullets
 j - 60 arrows
 s - 87 bolts
Armour
 a - a +0 kite shield (worn)
Jewellery
 f - an uncursed amulet of guardian spirit
 k - a ring of protection from cold (left tentacle)
 p - a +2 ring of evasion (right tentacle)
 r - the ring "Duit" (on tentacle) {*Drain rElec rC+ Int+7 Dex+2}
   (You took it off an orc wizard on level 5 of the Dungeon)

   [ring of protection from cold]

   It affects your intelligence (+7).
   It affects your dexterity (+2).
   It protects you from cold.
   It insulates you from electricity.
   It causes draining when unequipped.
 w - a ring of wizardry (on tentacle)
 G - a +2 amulet of reflection (around mantle)
 H - a +2 ring of strength (on tentacle)
Scrolls
 g - 2 scrolls of enchant weapon
 n - a scroll of blinking
 t - 2 scrolls of magic mapping
 v - 3 scrolls of remove curse
 y - 4 scrolls of teleportation
 z - 2 scrolls of fear
Potions
 b - 4 potions of might
 l - 2 potions of haste
 o - a potion of curing
 q - a potion of mutation
 u - a potion of brilliance
 x - 3 potions of heal wounds
 A - 3 potions of magic
 B - a potion of stabbing
 C - a potion of flight
 D - a potion of cancellation
 E - a potion of lignification
Comestibles
 c - 14 rations
 F - 4 chunks of flesh


   Skills:
 + Level 5.7 Fighting
 - Level 8.0 Dodging
 - Level 3.0 Shields
 - Level 5.0 Unarmed Combat


You had 7 spell levels left.
You didn't know any spells.
Your spell library was empty.

Dungeon Overview and Level Annotations

Branches:
Dungeon (6/15)             Temple (1/1) D:4           Sewer (visited)

Altars:
Cheibriados
Elyvilon
Fedhas
Kikubaaqudgha
Okawaru
Qazlal
Ru
Uskayaw
Wu Jian
Yredelemnul
Zin

Shops:
D:4 %

Annotations:
D:5 2 transporters, Killmatronix's ghost, novice OpHu
D:6 Grinder; Menkaure


Innate Abilities, Weirdness & Mutations

You cannot wear most types of armour.
You are very stealthy in the water. (Stealth+)
You are amphibious.
You can wear up to eight rings at the same time.
You can use your tentacles to constrict eight enemies at once.
Your skin changes colour to match your surroundings (Stealth+).
Your rubbery body absorbs attacks. (AC +1, EV +1)


Message History

Menkaure mumbles some strange words.
Menkaure seems to speed up.
The crimson imp completely misses you. Grinder gestures at you.
You resist with some effort. Grinder gestures at you.
You suddenly lose the ability to move!
The crimson imp barely misses you. Grinder hits you.
You writhe in agony.
The crimson imp hits you. Grinder hits you!
You writhe in agony.
The crimson imp blinks!
Grinder says, "DUCK!"
Grinder hits you.
Menkaure calls on the powers of darkness!
Your body is wracked with pain!
* * * LOW HITPOINT WARNING * * *
Grinder hits you!
* * * LOW HITPOINT WARNING * * *
You writhe in agony.
* * * LOW HITPOINT WARNING * * *
Grinder hits you.
You die...

#.#
#####.#
#.....#
#.#####
#.# #.#
#.# #5#
#@# #M#
#†# #!#
#...a....
##5......
.......
.......
....?..


You could see Grinder, Menkaure and a crimson imp.

Vanquished Creatures
  An orc warrior (D:6)
  A phantom (D:4)
  An ogre (D:4)
  A centaur (D:5)
  2 big kobolds (Sewer)
  2 crimson imps (D:5)
  2 orc priests
  A centaur skeleton (D:5)
  A hound (D:6)
  2 orc wizards
  4 iguanas
  Terence (D:3)
  3 worker ants
  A hound zombie (D:5)
  Robin (D:4)
  4 adders
  A howler monkey skeleton (D:4)
  5 river rats
  A shadow imp (D:5)
  2 oozes
  2 adder zombies
  3 worms
  3 leopard geckos
  25 orcs
  3 ball pythons
  11 bats
  6 giant cockroaches
  25 goblins
  17 hobgoblins
  7 jackals
  2 quokkas
  A ball python zombie (D:5)
  A frilled lizard (D:1)
  2 giant cockroach zombies (D:5)
  A jackal skeleton (D:5)
  18 kobolds
  A quokka skeleton (D:4)
  A quokka zombie (D:5)
  17 rats
183 creatures vanquished.

Vanquished Creatures (others)
  5 plants (D:5)
5 creatures vanquished.

Grand Total: 188 creatures vanquished

Notes
Turn   | Place    | Note
-------+----------+-------------------------------------------
     0 | D:1      | MisterFreud the Octopode Fighter began the quest for the
                  | Orb.
     0 | D:1      | Reached XP level 1. HP: 16/16 MP: 1/1
   103 | D:1      | Reached XP level 2. HP: 19/21 MP: 2/2
   461 | D:1      | Reached XP level 3. HP: 22/26 MP: 3/3
  1246 | D:2      | Reached XP level 4. HP: 29/31 MP: 4/4
  2131 | D:3      | Found an ancient bone altar of Kikubaaqudgha.
  2160 | D:3      | Found a glowing drain.
  2187 | Sewer    | Entered a sewer
  2383 | Sewer    | Reached skill level 5 in Unarmed Combat
  2386 | Sewer    | Noticed a big kobold
  2405 | Sewer    | Killed a big kobold
  2405 | Sewer    | Reached skill level 4 in Dodging
  2405 | Sewer    | Reached XP level 5. HP: 21/36 MP: 5/5
  2639 | Sewer    | Noticed a big kobold
  2651 | Sewer    | Killed a big kobold
  2651 | Sewer    | Reached skill level 5 in Dodging
  2651 | Sewer    | Reached XP level 6. HP: 31/42 MP: 6/6
  3003 | D:3      | Noticed Terence
  3317 | D:3      | Killed Terence
  3487 | D:4      | Found Nune's Food Emporium.
  3621 | D:4      | Reached skill level 6 in Dodging
  3621 | D:4      | Reached XP level 7. HP: 40/46 MP: 7/7
  4022 | D:4      | Found a staircase to the Ecumenical Temple.
  4037 | Temple   | Entered the Ecumenical Temple
  4169 | Temple   | Became a worshipper of Cheibriados the Contemplative
  4424 | D:4      | Reached skill level 7 in Dodging
  4525 | D:4      | Noticed Robin
  4529 | D:4      | Reached * piety under Cheibriados
  4549 | D:4      | Killed Robin
  5005 | D:5      | Entered Level 5 of the Dungeon
  5176 | D:5      | Identified the ring "Duit" {*Drain rElec rC+ Int+7 Dex+2}
  5188 | D:5      | Reached skill level 8 in Dodging
  5188 | D:5      | Reached XP level 8. HP: 41/52 MP: 6/8
  5196 | D:5      | Reached ** piety under Cheibriados
  5298 | D:5      | Found an ornate altar of the Wu Jian Council.
  5329 | D:5      | Found a transporter.
  5330 | D:5      | Found a transporter.
  5553 | D:5      | Identified the -3 kite shield of Weasm {rF+ SInv}
  5562 | D:5      | Noticed Killmatronix's ghost (novice OpHu)
  5832 | D:6      | Reached skill level 5 in Fighting
  5874 | D:6      | Noticed Grinder
  5881 | D:6      | Noticed Menkaure
  5884 | D:6      | Paralysed by Grinder for 6 turns
  5889 | D:6      | Slain by Grinder

Levels and vault maps discovered:
D:1:      giann_horns, layout_loops_ring, serial_rivers,
          chequers_serial_rivers_micro_a, chequers_serial_rivers_marsh,
          chequers_serial_rivers_room_a, chequers_serial_rivers_small_3,
          chequers_serial_rivers_room_b
D:2:      wad_lake_hut, layout_basic, guppyfry_early_orc_mine
D:3:      layout_loops_ring, kiku_gazebo_pond_becter, portal_sewer_entry_b,
          roderic_three_in_a_row, ebering_dispersal_statue_hall, uniq_terence
D:4:      kennysheep_goblin_castle, layout_loops_ring, minmay_temple_entry_grid,
          serial_shops, shop, first_ration, minmay_ogre_servants
D:5:      layout_loops_ring, kennysheep_little_box,
          gammafunk_ghost_gnarly_gnolls
D:6:      layout_loops_ring, serial_shops, shop, uniq_eustachio, uniq_menkaure,
          uniq_grinder
Temple:   regret_index_temple_generic_petals

Skill      XL: |  1  2  3  4  5  6  7  8 |
---------------+-------------------------+-----
Unarmed Combat | 3 4 5 |  5.0
Dodging        | 4 5 6 8 |  8.0
Fighting       | 5 |  5.7
Shields        | |  3.0

Action                   |  1- 3 |  4- 6 |  7- 9 || total
-------------------------+-------+-------+-------++-------
Melee: Unarmed           |    84 |   169 |   176 ||   429
       Constrict         |    20 |    37 |    50 ||   107
       Tentacles         |    10 |    29 |    48 ||    87
       Punch             |     1 |     7 |     8 ||    16
  Use: Scroll            |       |    14 |     6 ||    20
 Stab: Sleeping          |     9 |     7 |     9 ||    25
  Eat: Chunk             |     1 |     8 |     5 ||    14
Armor: Skin              |     6 |    12 |     5 ||    23
Dodge: Dodged            |    29 |    70 |    86 ||   185
Block: Kite shield       |    18 |    71 |    73 ||   162

Table legend:
 A = Non-vault XP
 B = Vault XP
 C = Vault XP percentage of total XP
 D = Non-vault monster count
 E = Vault monster count
 F = Vault count percentage of total count
                 A         B        C        D         E       F
            +---------+---------+-------+---------+---------+-------
      Total |    1244 |     565 |  31.2 |     123 |      60 |  32.8
            +---------+---------+-------+---------+---------+-------
        D:1 |      53 |       0 |   0.0 |      31 |       0 |   0.0
        D:2 |      47 |      16 |  25.4 |      17 |       7 |  29.2
        D:3 |      66 |      51 |  43.6 |      25 |       4 |  13.8
        D:4 |     382 |     219 |  36.4 |      20 |      29 |  59.2
        D:5 |     423 |       0 |   0.0 |      24 |       0 |   0.0
        D:6 |     273 |       0 |   0.0 |       6 |       0 |   0.0
      Sewer |       0 |     279 | 100.0 |       0 |      20 | 100.0
            +---------+---------+-------+---------+---------+-------
